 Dungeon Crawl Stone Soup version 0.24.0 (webtiles) character file.

Game seed: 16569279797782303544, levelgen mode: deterministic

137 CloudKeeper the Chopper (level 5, -3/47 HPs)
             Began as a Minotaur Monk on Feb 2, 2020.
             Slain by a wight
             ... wielding a +0 war axe
              (5 damage)
             ... on level 2 of the Dungeon.
             The game lasted 00:05:33 (1463 turns).

CloudKeeper the Chopper (Minotaur Monk)             Turns: 1463, Time: 00:05:34

Health: -3/47      AC:  5    Str: 16    XL:     5   Next: 0%
Magic:  4/4        EV: 12    Int:  7    God:
Gold:   54         SH:  0    Dex: 13    Spells: 4/4 levels left

rFire    . . .     SeeInvis .   a - +0 hand axe
rCold    . . .     Gourm    .   (no shield)
rNeg     . . .     Faith    .   d - +0 ring mail
rPois    .         Spirit   .   (helmet restricted)
rElec    .         Reflect  .   (no cloak)
rCorr    .         Harm     .   (no gloves)
MR       .....                  (no boots)
Stlth    +.........             (no amulet)
HPRegen  0.15/turn              (no ring)
MPRegen  0.09/turn              (no ring)

@: drained
A: retaliatory headbutt, horns 2
a: no special abilities


You were on level 2 of the Dungeon.
You were not hungry.

You visited 1 branch of the dungeon, and saw 3 of its levels.

You collected 54 gold pieces.

Inventory:

Hand Weapons
 a - a +0 hand axe (weapon)
Missiles
 b - 28 arrows
Armour
 d - a +0 ring mail (worn)
Jewellery
 l - an uncursed ring of protection from fire
Scrolls
 e - a scroll of blinking {unknown}
 f - 5 scrolls of identify {unknown}
 h - a scroll of remove curse {unknown}
 k - 2 scrolls of amnesia {unknown}
Potions
 g - 2 potions of flight {unknown}
 i - 2 potions of might {unknown}
 m - a potion of invisibility {unknown}
Comestibles
 c - 4 rations
 j - a chunk of flesh


   Skills:
 * Level 4.8(3.8) Fighting
 * Level 5.2(4.3) Axes
 * Level 1.2(0.3) Armour
 * Level 3.9(3.0) Dodging
 + Level 1.7(0.9) Stealth


You had 4 spell levels left.
You didn't know any spells.
Your spell library was empty.

Dungeon Overview and Level Annotations

Branches:
Dungeon (3/15)

Altars:
Yredelemnul


Innate Abilities, Weirdness & Mutations

You reflexively headbutt those who attack you in melee.
You have a pair of horns on your head.


Message History

The wight hits you with a +0 war axe!
You barely miss the wight.
The wight is heavily damaged.
The wight hits you with a +0 war axe.
You feel drained.
You hit the wight but do no damage.
The wight is heavily damaged.
You hit the wight.
The wight is almost destroyed.
The wight hits you with a +0 war axe!
* * * LOW HITPOINT WARNING * * *
You barely miss the wight. Your headbutt misses the wight.
The wight is almost destroyed.
The wight hits you with a +0 war axe!
* * * LOW HITPOINT WARNING * * *
You feel drained.
* * * LOW HITPOINT WARNING * * *
You closely miss the wight.
The wight is almost destroyed.
The wight hits you with a +0 war axe.
You die...

# #.# #.# #.#######
#.......# #######.###
##.##.## #..##..#
###..### ###@.####
#.z##...# ##.##.#.#
#..##..#
###############....##
#...............####
#.############### #.#
#.#


You could see a wight.

Vanquished Creatures
  A worker ant (D:2)
  6 adders (D:2)
  An ooze (D:2)
  A worm (D:2)
  2 dart slugs (D:1)
  3 leopard geckos
  2 ball pythons (D:2)
  4 giant cockroaches
  4 goblins
  5 hobgoblins
  2 quokkas (D:2)
  4 bats
  A frilled lizard (D:1)
  4 kobolds
  A quokka zombie (D:2)
  4 rats
45 creatures vanquished.

Notes
Turn   | Place    | Note
-------+----------+-------------------------------------------
     0 | D:1      | CloudKeeper the Minotaur Monk began the quest for the Orb.
     0 | D:1      | Reached XP level 1. HP: 19/19 MP: 0/0
   105 | D:1      | Reached XP level 2. HP: 24/27 MP: 1/1
   228 | D:1      | Reached skill level 4 in Axes
   503 | D:2      | Reached XP level 3. HP: 33/33 MP: 2/2
   670 | D:2      | Found a basalt altar of Yredelemnul.
   682 | D:2      | Reached XP level 4. HP: 32/41 MP: 3/3
   683 | D:2      | Reached skill level 5 in Axes
   952 | D:2      | Reached skill level 1 in Armour
  1403 | D:2      | Reached XP level 5. HP: 47/47 MP: 4/4
  1462 | D:2      | HP: 2/47 [wight/+0 war axe (1)]
  1463 | D:2      | Slain by a wight

Levels and vault maps discovered:
D:1:      lightli_arrival_quake, layout_rooms
D:2:      layout_loops_ring, st_stairs_7, yredelemnul_altar_generic
D:3:      layout_rooms, lemuel_crystal_altar, gammafunk_temple_overflow_wave,
          first_ration, serial_co_window_serial, co_window_paths_a,
          co_window_corner_a, co_window_paths_a, co_window_paths_a,
          co_window_corner_a, co_window_broadway_a, co_window_unsneaky_path_d,
          co_window_corner_b, co_window_broadway_b, co_window_2corner,
          co_window_unsneaky_path_b, co_window_4corner_a, glass_columns_b,
          glass_columns_a, glass_columns_a, glass_columns_a, glass_columns_b,
          grunt_ministairs_5
